 Dungeon Crawl Stone Soup version 0.31-a0-175-g9f7f995f2b (webtiles) character file.

Game seed: 7765029278162049646

452 qw the Shooter (level 7, 0/66 HPs)
             Began as a Naga Hunter on June 16, 2023.
             Was an Initiate of Okawaru.
             Slain by an orc
             ... wielding a +0 flail
              (1 damage)
             ... on level 5 of the Dungeon.
             The game lasted 00:01:08 (3193 turns).

qw the Shooter (Naga Hunter)                        Turns: 3193, Time: 00:01:09

Health: 0/66       AC:  3    Str: 14    XL:     7   Next: 5%
Magic:  7/7        EV:  9    Int:  9    God:    Okawaru [......]
Gold:   150        SH:  0    Dex: 16    Spells: 6/6 levels left

rFire   . . .        a - +1 shortbow (heavy)
rCold   . . .        (shield currently unavailable)
rNeg    . . .        c - +0 leather armour
rPois   +            (no helmet)
rElec   .            (no cloak)
rCorr   .            (no gloves)
SInv    +            (no barding)
Will    .....        (no amulet)
Stlth   ++           (no ring)
HPRegen 0.31/turn    (no ring)
MPRegen 0.10/turn

%: no passive effects
@: short of breath, very slow
A: AC +2, large, see invisible, deformed body, poison resistance, slowness 2,
spit poison 1, naga tail 1
a: Spit Poison, Renounce Religion


You were on level 5 of the Dungeon.
You worshipped Okawaru.
Okawaru was noncommittal.
You visited 2 branches of the dungeon, and saw 6 of its levels.

You collected 225 gold pieces.
You spent 75 gold pieces at shops.


Innate Abilities, Weirdness & Mutations

Your serpentine skin is tough. (AC +2)
You have supernaturally acute eyesight. (SInv)
Armour fits poorly on your strangely shaped body.
Your system is resistant to poisons. (rPois)
You cover ground very slowly.
You can spit poison.
You have a snake-like lower body.


   Skills:
 - Level 4.6 Fighting
 + Level 6.3 Ranged Weapons
 - Level 1.5 Dodging
 - Level 1.5 Stealth


You had 6 spell levels left.
You didn't know any spells.
Your spell library was empty.

Inventory:

Hand Weapons
 a - a +1 heavy shortbow (weapon)
Armour
 c - a +0 leather armour (worn)
Scrolls
 f - a scroll of identify
Potions
 b - a potion of haste
 d - 2 potions of curing
 e - a potion of ambrosia {unknown}
 g - a potion of heal wounds {unknown}
 h - a potion of mutation {unknown}
 i - a potion of cancellation

Dungeon Overview and Level Annotations

Branches:
Dungeon (5/15)             Temple (1/1) D:4

Altars:
Ashenzari
Cheibriados
Elyvilon
Fedhas
Gozag
Hepliaklqana
Kikubaaqudgha
Nemelex Xobeh
Okawaru
Qazlal
Ru
Trog
Uskayaw
Vehumet
Wu Jian
Xom
Zin
The Shining One

Shops:
D:3 *


Message History

The orc barely misses you. The sleepcap releases spores at you.
3188 ||| INVOKING Spit Poison.
Aiming: Spit Poison (1% risk of failure)
Press: ? - help, Shift-Dir - straight line, f/p - scorpion The splash of poison hits the scorpion!
The scorpion is poisoned.
You kill the scorpion!
Okawaru accepts your kill.
The orc priest calls down the wrath of Beogh upon you.
Beogh smites you! The orc hits you with a +0 hand axe.
The sleepcap releases spores at you but does no damage.
You have reached level 7!
You shoot an arrow. The arrow hits the sleepcap!
The sleepcap is moderately damaged.
The orc hits you with a +0 hand axe. The sleepcap releases spores at you!
The orc hits you but does no damage.
You shoot an arrow. The arrow hits the sleepcap!
The sleepcap is almost destroyed.
The orc closely misses you. The sleepcap closely misses you.
The orc closely misses you. x2; The sleepcap barely misses you.
The orc hits you with a +0 flail.
You shoot an arrow.
The arrow hits the sleepcap but does no damage.
The sleepcap is almost destroyed.
The orc barely misses you. The sleepcap closely misses you.
The orc hits you with a +0 flail!
You shoot an arrow.
The arrow hits the sleepcap but does no damage.
The sleepcap is almost destroyed.
You have got your breath back.
The orc misses you. The sleepcap barely misses you.
The orc hits you with a +0 flail!
The sleepcap releases spores at you but does no damage.
The orc hits you but does no damage. The orc hits you with a +0 flail.
3193 ||| INVOKING Spit Poison.
Aiming: Spit Poison (1% risk of failure)
Press: ? - help, Shift-Dir - straight line, f - orc, p - sleepcap The splash of poison hits the orc.
The orc is severely wounded.
The orc hits you with a +0 hand axe. The orc hits you with a +0 flail.
You die...

...# # o.)# .. #.#. ##
.#)#o..#. . .#.%.)..).. ..
...##.....## .#
.......W.oW##..#.
..(#.###o#...:.. .......f@o.#
...##.....### #..........#
#.#.#...#.#####.
.....#.#.#.......# ##
..##.......####..#### #.
.......#.....##.....####.
###.#....#....###...#......
...........#.....#......####.


You could see a phantom, a sleepcap, an orc priest and 2 orcs.

Vanquished Creatures
  An ogre (D:5)
  Blork the orc (D:4)
  A scorpion (D:5)
  A sleepcap (D:4)
  An iguana (D:5)
  10 adders
  A gnoll (D:1)
  An ufetubus (D:5)
  2 worms
  3 dart slugs
  7 orcs
  4 endoplasms
  2 giant cockroaches
  4 hobgoblins
  4 jackals (D:4)
  8 ball pythons
  5 bats
  6 frilled lizards
  4 goblins
  9 kobolds
  2 rats
77 creatures vanquished.

Notes
Turn   | Place    | Note
-------+----------+-------------------------------------------
     0 | D:1      | qw the Naga Hunter began the quest for the Orb.
     0 | D:1      | Reached XP level 1. HP: 19/19 MP: 1/1
     0 | D:1      | 0 ||| qw: Version: 0.2-a-29-g511e9b1
     0 | D:1      | 0 ||| qw: Game counter: 44
     0 | D:1      | 0 ||| qw: Always use a shield: true
     0 | D:1      | 0 ||| qw: God list: Okawaru
     0 | D:1      | 0 ||| qw: Allow faded altars: false
     0 | D:1      | 0 ||| qw: Do Orc after D:15 true
     0 | D:1      | 0 ||| qw: Do second Lair branch before Depths: true
     0 | D:1      | 0 ||| qw: Lair rune preference: random
     0 | D:1      | 0 ||| qw: Plans: Normal
     0 | D:1      | 0 ||| PLANNING D:1-11
    10 | D:1      | 10 ||| INVOKING Spit Poison.
    29 | D:1      | 29 ||| INVOKING Spit Poison.
    53 | D:1      | 53 ||| INVOKING Spit Poison.
    93 | D:1      | 93 ||| INVOKING Spit Poison.
    98 | D:1      | Reached skill level 4 in Ranged Weapons
    98 | D:1      | Reached XP level 2. HP: 24/26 MP: 2/2
   122 | D:1      | 122 ||| INVOKING Spit Poison.
   177 | D:1      | 177 ||| INVOKING Spit Poison.
   183 | D:1      | 183 ||| INVOKING Spit Poison.
   186 | D:1      | 186 ||| INVOKING Spit Poison.
   190 | D:1      | 190 ||| INVOKING Spit Poison.
   193 | D:1      | 193 ||| INVOKING Spit Poison.
   312 | D:1      | 312 ||| INVOKING Spit Poison.
   471 | D:1      | 471 ||| DROPPING scroll of butterflies.
   524 | D:2      | 524 ||| INVOKING Spit Poison.
   526 | D:2      | Reached XP level 3. HP: 32/32 MP: 3/3
   527 | D:2      | 527 ||| INVOKING Spit Poison.
   553 | D:2      | 553 ||| INVOKING Spit Poison.
   572 | D:2      | 572 ||| INVOKING Spit Poison.
   581 | D:2      | 581 ||| INVOKING Spit Poison.
   585 | D:2      | 585 ||| INVOKING Spit Poison.
   591 | D:2      | 591 ||| INVOKING Spit Poison.
   684 | D:2      | 684 ||| FLEEEEING.
   685 | D:2      | 685 ||| FLEEEEING.
   724 | D:2      | 724 ||| INVOKING Spit Poison.
   825 | D:2      | 825 ||| INVOKING Spit Poison.
   967 | D:2      | 967 ||| INVOKING Spit Poison.
  1022 | D:2      | 1022 ||| READING scroll labelled JARPHO UTAKH.
  1023 | D:2      | 1023 ||| READING scroll labelled SADIER BAUPTIY.
  1024 | D:2      | 1024 ||| READING scroll labelled XUL OGENGEY.
  1025 | D:2      | 1025 ||| DRINKING 2 yellow potions.
  1095 | D:3      | 1095 ||| INVOKING Spit Poison.
  1116 | D:3      | Found a stormy altar of Qazlal.
  1126 | D:3      | 1126 ||| INVOKING Spit Poison.
  1234 | D:3      | 1234 ||| READING scroll of brand weapon.
  1234 | D:3      | 1234 ||| BRANDING +0 shortbow of draining.
  1262 | D:3      | 1262 ||| INVOKING Spit Poison.
  1275 | D:3      | 1275 ||| INVOKING Spit Poison.
  1278 | D:3      | Reached skill level 5 in Ranged Weapons
  1278 | D:3      | Reached XP level 4. HP: 35/39 MP: 4/4
  1386 | D:3      | 1386 ||| INVOKING Spit Poison.
  1413 | D:3      | Found an ancient bone altar of Kikubaaqudgha.
  1452 | D:3      | 1452 ||| INVOKING Spit Poison.
  1456 | D:3      | 1456 ||| INVOKING Spit Poison.
  1504 | D:3      | 1504 ||| INVOKING Spit Poison.
  1527 | D:3      | 1527 ||| INVOKING Spit Poison.
  1533 | D:3      | 1533 ||| INVOKING Spit Poison.
  1542 | D:3      | 1542 ||| INVOKING Spit Poison.
  1543 | D:3      | Reached skill level 3 in Fighting
  1554 | D:3      | 1554 ||| INVOKING Spit Poison.
  1558 | D:3      | 1558 ||| INVOKING Spit Poison.
  1562 | D:3      | 1562 ||| INVOKING Spit Poison.
  1565 | D:3      | Reached XP level 5. HP: 47/49 MP: 5/5
  1654 | D:3      | Found Ebbuzif's Assorted Antiques.
  1667 | D:3      | 1667 ||| BUYING scroll labelled CIAJASANUN (26 gold).
  1667 | D:3      | Bought a scroll labelled CIAJASANUN for 26 gold pieces
  1667 | D:3      | 1667 ||| BUYING scroll labelled UKEELL JUGUOHE (26 gold).
  1667 | D:3      | Bought a scroll labelled UKEELL JUGUOHE for 26 gold pieces
  1667 | D:3      | 1667 ||| BUYING sedimented amethyst potion (23 gold).
  1667 | D:3      | Bought a sedimented amethyst potion for 23 gold pieces
  1738 | D:3      | 1738 ||| INVOKING Spit Poison.
  1752 | D:3      | 1752 ||| INVOKING Spit Poison.
  1765 | D:3      | 1765 ||| INVOKING Spit Poison.
  1768 | D:3      | 1768 ||| INVOKING Spit Poison.
  1771 | D:3      | 1771 ||| INVOKING Spit Poison.
  1804 | D:3      | 1804 ||| INVOKING Spit Poison.
  1814 | D:3      | 1814 ||| INVOKING Spit Poison.
  1956 | D:3      | 1956 ||| INVOKING Spit Poison.
  2032 | D:3      | 2032 ||| DROPPING ring of wizardry.
  2033 | D:3      | 2033 ||| READING 2 scrolls labelled UKEELL JUGUOHE.
  2034 | D:3      | 2034 ||| READING 2 scrolls labelled CIAJASANUN.
  2035 | D:3      | 2035 ||| READING scroll labelled WEEHO RATOE.
  2036 | D:3      | 2036 ||| DRINKING 3 fizzy silvery potions.
  2037 | D:3      | 2037 ||| DROPPING 2 potions of enlightenment.
  2038 | D:3      | 2038 ||| DROPPING scroll of revelation.
  2136 | D:4      | 2136 ||| INVOKING Spit Poison.
  2143 | D:4      | Noticed Blork the orc
  2144 | D:4      | 2144 ||| INVOKING Spit Poison.
  2148 | D:4      | Killed Blork the orc
  2226 | D:4      | Found a staircase to the Ecumenical Temple.
  2227 | D:4      | 2227 ||| PLANNING TEMPLE
  2227 | D:4      | 2227 ||| DRINKING 2 blue potions.
  2228 | D:4      | 2228 ||| READING 2 scrolls of identify.
  2228 | D:4      | 2228 ||| IDENTIFYING fuming red potion
  2237 | Temple   | Entered the Ecumenical Temple
  2309 | Temple   | 2309 ||| PLANNING D:1-11
  2383 | D:4      | 2383 ||| INVOKING Spit Poison.
  2429 | D:4      | 2429 ||| INVOKING Spit Poison.
  2432 | D:4      | 2432 ||| INVOKING Spit Poison.
  2433 | D:4      | Reached XP level 6. HP: 56/56 MP: 6/6
  2463 | D:4      | Found a broken altar of Ashenzari.
  2464 | D:4      | Found a blossoming altar of Fedhas.
  2481 | D:4      | Found a glowing golden altar of the Shining One.
  2560 | D:4      | Reached skill level 6 in Ranged Weapons
  2609 | D:4      | 2609 ||| INVOKING Spit Poison.
  2612 | D:4      | 2612 ||| INVOKING Spit Poison.
  2666 | D:4      | Identified the +3 mace of Nemelex Xobeh's Hatred {drain,
                  | Fly Stlth+}
  2701 | D:4      | 2701 ||| INVOKING Spit Poison.
  2895 | D:4      | Found an iron altar of Okawaru.
  2896 | D:4      | 2896 ||| PLANNING OKAWARU WORSHIP
  2896 | D:4      | 2896 ||| DROPPING +6 ring of intelligence.
  2897 | D:4      | 2897 ||| READING scroll labelled HOXITERU SOTH.
  2964 | D:4      | Became a worshipper of Warmaster Okawaru
  2965 | D:4      | 2965 ||| PLANNING D:1-11
  3009 | D:5      | Entered Level 5 of the Dungeon
  3082 | D:5      | 3082 ||| INVOKING Spit Poison.
  3086 | D:5      | 3086 ||| INVOKING Spit Poison.
  3102 | D:5      | 3102 ||| READING scroll of enchant weapon.
  3102 | D:5      | 3102 ||| ENCHANTING +0 heavy shortbow.
  3172 | D:5      | 3172 ||| INVOKING Spit Poison.
  3177 | D:5      | 3177 ||| INVOKING Spit Poison.
  3181 | D:5      | 3181 ||| Stepping ~*~*~tactically~*~*~ (outnumbered).
  3182 | D:5      | 3182 ||| INVOKING Spit Poison.
  3185 | D:5      | 3185 ||| INVOKING Spit Poison.
  3188 | D:5      | 3188 ||| INVOKING Spit Poison.
  3189 | D:5      | Reached XP level 7. HP: 41/66 MP: 7/7
  3192 | D:5      | HP: 10/66 [orc/+0 flail (9)]
  3192 | D:5      | HP: 4/66 [orc/+0 flail (6)]
  3193 | D:5      | 3193 ||| INVOKING Spit Poison.
  3193 | D:5      | HP: 1/66 [orc/+0 hand axe (3)]
  3193 | D:5      | Slain by an orc

Levels and vault maps discovered:
D:1:      co_arrival_square_in_a_square_in_a_square, layout_rooms,
          lexackson_kobold_supper
D:2:      layout_rooms
D:3:      layout_loops_corners, grunt_qazlal_clouds, lemuel_tele_altar,
          serial_shops, nicolae_square_shop, minmay_snake_closets
D:4:      layout_basic, gammafunk_temple_overflow_forgotten, old_standard_altar,
          minmay_temple_entry_arrows, nicolae_elevator_lobby_asterisk,
          uniq_blork_the_orc
D:5:      nicolae_cairo_tiling_large_dashed, layout_loops_corners,
          makhleb_blood_cavern_becter, grunt_decor_junction, minmay_circle_x,
          uniq_edmund
Temple:   nicolae_temple_hex_pool

Skill      XL: |  1  2  3  4  5  6 |
---------------+-------------------+-----
Ranged Weapons | 4 5 6 |  6.3
Fighting       | 3 4 |  4.6
Dodging        | |  1.5
Stealth        | |  1.5

Action                     |  1- 3 |  4- 6 |  7- 9 || total
---------------------------+-------+-------+-------++-------
   Fire: Shortbow          |    59 |    72 |     4 ||   135
Ability: Spit Poison       |    25 |    33 |     1 ||    59
    Use: Scroll            |     4 |     6 |       ||    10
         Potion            |     1 |     2 |       ||     3
 Armour: Leather armour    |     9 |    16 |     3 ||    28
  Dodge: Dodged            |    18 |    41 |     9 ||    68

Table legend:
 A = Non-vault XP
 B = Vault XP
 C = Vault XP percentage of total XP
 D = Non-vault monster count
 E = Vault monster count
 F = Vault count percentage of total count
                 A         B        C        D         E       F
            +---------+---------+-------+---------+---------+-------
      Total |     450 |     197 |  30.4 |      57 |      20 |  26.0
            +---------+---------+-------+---------+---------+-------
        D:1 |      23 |      10 |  30.3 |       8 |       8 |  50.0
        D:2 |      37 |       0 |   0.0 |      12 |       0 |   0.0
        D:3 |      33 |      87 |  72.5 |      11 |      11 |  50.0
        D:4 |      92 |     100 |  52.1 |      15 |       1 |   6.2
        D:5 |     265 |       0 |   0.0 |      11 |       0 |   0.0
            +---------+---------+-------+---------+---------+-------
